 Dungeon Crawl Stone Soup version 0.27-a0-1118-ga84896973d (webtiles) character file.

Game seed: 4998504537050989181

3910 DarkShadow the Carver (level 10, -3/89 HPs)
             Began as a Minotaur Fighter on May 2, 2021.
             Was an Initiate of Gozag.
             Slain by a six-headed hydra (8 damage)
             ... on level 8 of the Dungeon.
             The game lasted 00:21:36 (7848 turns).

DarkShadow the Carver (Minotaur Fighter)            Turns: 7848, Time: 00:21:38

Health: -3/89      AC:  9    Str: 24    XL:     10   Next: 1%
Magic:  9/9        EV:  8    Int:  5    God:    Gozag
Gold:   797        SH: 17    Dex: 16    Spells: 9/9 levels left

rFire    + . .     SeeInvis .   f - +5 double sword (holy)
rCold    . . .     Faith    .   A - +0 kite shield of Mikkih {Rampage rElec rF+}
rNeg     . . .     Spirit   .   b - +0 scale mail
rPois    .         Reflect  +   (helmet restricted)
rElec    +         Harm     .   o - +0 cloak
rCorr    .         Rampage  +   (no gloves)
Will     .....                  (no boots)
Stlth    ..........             a - amulet of reflection
HPRegen  0.24/turn              k - +6 ring of dexterity
MPRegen  0.11/turn              (no ring)

@: about to teleport, gold aura
A: horns 2, retaliatory headbutt
a: Renounce Religion, Potion Petition, Call Merchant, Bribe Branch


You were on level 8 of the Dungeon.
You worshipped Gozag.
Gozag was pleased with you.
You visited 2 branches of the dungeon, and saw 9 of its levels.

You collected 866 gold pieces.
You paid 69 gold pieces to Gozag.

Inventory:

Hand Weapons
 f - a +5 double sword of holy wrath (weapon)
Missiles
 p - a throwing net (quivered)
Armour
 b - a +0 scale mail (worn)
 o - a +0 cloak (worn)
 A - the +0 kite shield of Mikkih (worn) {Rampage rElec rF+}
   (You found it on level 6 of the Dungeon)

   It protects you from fire.
   It insulates you from electricity.
   It bestows one free step when moving towards enemies.
Jewellery
 a - an amulet of reflection (around neck)
 c - an amulet of regeneration
 k - a +6 ring of dexterity (left hand)
 u - a ring of wizardry
Wands
 s - a wand of paralysis (3)
 t - a wand of acid (2)
 w - a wand of flame (24)
 y - a wand of digging (5)
 B - a wand of polymorph (6)
Scrolls
 j - 2 scrolls of identify
 l - 5 scrolls of teleportation
 n - a scroll of fear
 q - 3 scrolls of brand weapon
 r - 2 scrolls of silence
Potions
 d - 4 potions of might
 e - a potion of flight
 g - 4 potions of curing
 h - a potion of mutation {unknown}
 i - 2 potions of berserk rage
 m - a potion of haste {unknown}
 v - 2 potions of brilliance {unknown}
 x - a potion of ambrosia {unknown}
 z - a potion of attraction {unknown}


   Skills:
 + Level 8.3 Fighting
 + Level 11.6 Long Blades
 + Level 8.5 Armour
 - Level 0.4 Dodging
 + Level 7.9 Shields


You had 9 spell levels left.
You didn't know any spells.
Your spell library was empty.

Dungeon Overview and Level Annotations

Branches:
Dungeon (8/15)             Temple (1/1) D:5
   Lair: D:8-11

Altars:
Ashenzari
Cheibriados
Fedhas
Gozag
Kikubaaqudgha
Makhleb
Nemelex Xobeh
Okawaru
Qazlal
Ru
Trog
Uskayaw
Wu Jian
Zin

Portals:
Ossuary: D:8

Annotations:
D:3 2 transporters
D:6 2 transporters
D:8 3 runed translucent doors, PirateVox's ghost, novice TrMo; hemabe71's ghost, novice HuAr; mojasp's ghost, novice PaFi


Innate Abilities, Weirdness & Mutations

You have a pair of horns on your head.
You reflexively headbutt those who attack you in melee.


Message History

The slime creature is severely wounded.
You block the slime creature's attack. The six-headed hydra bites you. x2
The six-headed hydra bites you!
You block the six-headed hydra's attack.
The six-headed hydra bites you! The six-headed hydra barely misses you.
You slash the slime creature!
The slime creature is almost dead.
The hiss of flowing sand is almost imperceptible now.
You block the slime creature's attack.
The six-headed hydra bites you but does no damage.
The six-headed hydra barely misses you.
The six-headed hydra bites you but does no damage. x2
You block the six-headed hydra's attack.
The six-headed hydra bites you but does no damage.
You slash the slime creature!
You kill the slime creature!
The six-headed hydra bites you! The six-headed hydra bites you.
The six-headed hydra bites you!
* * * LOW HITPOINT WARNING * * *
You block the six-headed hydra's attack.
The six-headed hydra bites you.
* * * LOW HITPOINT WARNING * * *
The six-headed hydra bites you.
* * * LOW HITPOINT WARNING * * *
You have reached level 10!
As you read the scroll of teleportation, it crumbles to dust.
You feel strangely unstable.
The six-headed hydra bites you but does no damage.
You block the six-headed hydra's attack. x2
The six-headed hydra bites you.
* * * LOW HITPOINT WARNING * * *
You block the six-headed hydra's attack. x2
You feel better. The six-headed hydra bites you!
* * * LOW HITPOINT WARNING * * *
You block the six-headed hydra's attack.
The six-headed hydra bites you but does no damage.
You block the six-headed hydra's attack.
The six-headed hydra barely misses you. The six-headed hydra bites you!
You die...
Your body crumbles into a pile of gold.

#### ..## ######## #$D###......#
$ #@##........# ####.#........#
##.#.##....≈...#####
##.#.#.#≈≈...≈......# #####
#.######........###.##
#...#..##.#.#.#....).........
#####'####.................###.##
.....>...##########.....)..'.....
.......### #...######.....)###...


You could see a six-headed hydra.

Vanquished Creatures
  Pikel (D:4)
  An ugly thing (D:7)
  A slime creature (D:8)
  A black bear (D:6)
  A hornet zombie (D:7)
  An orc warrior (D:7)
  3 sky beasts
  2 centaurs
  2 phantoms
  4 bullfrogs
  3 scorpions
  2 water moccasin skeletons
  3 killer bees (D:7)
  4 wights (D:8)
  A jelly (D:5)
  5 hounds
  7 orc priests
  4 bullfrog skeletons (D:6)
  4 centaur skeletons
  Ijyb (D:5)
  Natasha (thrice) (D:3)
  4 iguanas
  2 orc wizards
  2 killer bee zombies
  A howler monkey skeleton (D:4)
  11 adders
  4 gnolls
  3 white imps
  An ufetubus (D:5)
  4 worms
  A dart slug (D:1)
  15 orcs
  5 bats
  5 endoplasms
  2 giant cockroaches
  12 hobgoblins
  14 jackals
  5 kobolds
  5 quokkas
  8 ball pythons
  8 frilled lizards
  8 goblins
  6 rats
180 creatures vanquished.

Vanquished Creatures (others)
  A plant (D:3)
  4 withered plants (D:8)
5 creatures vanquished.

Grand Total: 185 creatures vanquished

Notes
Turn   | Place    | Note
-------+----------+-------------------------------------------
     0 | D:1      | DarkShadow the Minotaur Fighter began the quest for the
                  | Orb.
     0 | D:1      | Reached XP level 1. HP: 19/19 MP: 0/0
    81 | D:1      | Reached XP level 2. HP: 21/27 MP: 1/1
   411 | D:1      | Reached XP level 3. HP: 18/33 MP: 2/2
   830 | D:1      | You fall into a shaft and drop 1 floor!
   830 | D:2      | Noticed a bullfrog
   836 | D:2      | Killed a bullfrog
   837 | D:2      | Reached skill level 3 in Long Blades
   837 | D:2      | Reached XP level 4. HP: 23/40 MP: 3/3
  1057 | D:2      | You fall into a shaft and drop 2 floors!
  1065 | D:4      | Identified a scroll of acquirement
  1065 | D:4      | Acquired a +3 double sword of holy wrath
  1281 | D:3      | Reached XP level 5. HP: 47/47 MP: 4/4
  1310 | D:3      | Found a faded altar of an unknown god.
  1319 | D:3      | Noticed Natasha
  1329 | D:3      | Killed Natasha
  1330 | D:3      | Reached skill level 4 in Long Blades
  1354 | D:3      | Found a transporter.
  1583 | D:2      | Reached skill level 5 in Shields
  1866 | D:2      | Reached XP level 6. HP: 53/53 MP: 5/5
  1886 | D:2      | Reached skill level 5 in Long Blades
  2372 | D:3      | Found a burning altar of Makhleb.
  2372 | D:3      | Noticed Natasha
  2375 | D:3      | Killed Natasha
  2377 | D:3      | Found a bloodstained altar of Trog.
  2378 | D:3      | Noticed a hornet
  2379 | D:3      | Noticed an orc warrior
  2382 | D:3      | Found a transporter.
  2404 | D:3      | Noticed Natasha
  2411 | D:3      | Killed Natasha
  2412 | D:3      | Reached skill level 5 in Armour
  2919 | D:4      | Reached skill level 6 in Long Blades
  3002 | D:4      | Noticed a +0 hand axe
  3002 | D:4      | Noticed a +0 dagger
  3003 | D:4      | Found a hide-covered altar of Uskayaw.
  3056 | D:4      | Reached skill level 5 in Fighting
  3080 | D:4      | Reached XP level 7. HP: 52/61 MP: 6/6
  3286 | D:4      | Noticed Pikel
  3294 | D:4      | Killed Pikel
  3295 | D:4      | Reached skill level 8 in Long Blades
  3295 | D:4      | Reached XP level 8. HP: 58/70 MP: 7/7
  3561 | D:5      | Entered Level 5 of the Dungeon
  3575 | D:5      | Noticed Ijyb
  3585 | D:5      | Killed Ijyb
  3914 | D:5      | Found a staircase to the Ecumenical Temple.
  3945 | Temple   | Entered the Ecumenical Temple
  4064 | Temple   | Became a worshipper of Gozag Ym Sagoz the Greedy
  4320 | D:5      | Found a sparkling altar of Nemelex Xobeh.
  4417 | D:5      | Found an iron altar of Okawaru.
  4420 | D:5      | Found a broken altar of Ashenzari.
  4424 | D:5      | Found a snail-covered altar of Cheibriados.
  5005 | D:6      | Reached skill level 9 in Long Blades
  5100 | D:6      | Found a transporter.
  5160 | D:6      | Found a transporter.
  5331 | D:6      | Identified the +0 kite shield of Mikkih {Rampage rElec rF+}
  5797 | D:6      | Reached XP level 9. HP: 56/79 MP: 8/8
  5924 | D:7      | Reached skill level 10 in Long Blades
  6946 | D:7      | Noticed a purple ugly thing
  6954 | D:7      | Killed a purple ugly thing
  6955 | D:7      | Reached skill level 11 in Long Blades
  7186 | D:8      | Found a sacrificial altar of Ru.
  7435 | D:8      | Found a runed translucent gate.
  7436 | D:8      | Found a runed translucent gate.
  7436 | D:8      | Found a runed translucent gate.
  7437 | D:8      | Noticed hemabe71's ghost (novice HuAr)
  7437 | D:8      | Noticed mojasp's ghost (novice PaFi)
  7437 | D:8      | Noticed PirateVox's ghost (novice TrMo)
  7588 | D:8      | Found a sand-covered staircase.
  7841 | D:8      | Noticed a six-headed hydra
  7847 | D:8      | Reached XP level 10. HP: 15/89 MP: 9/9
  7848 | D:8      | Slain by a six-headed hydra

Illustrated notes

Levels and vault maps discovered:
D:1:      scummos_arrival_star, layout_basic, st_stairs_5
D:2:      layout_basic
D:3:      layout_rooms, gammafunk_temple_overflow_arena,
          shapermc_ecumenical_altar_starsandcircs, saegor_snake_ambush,
          uniq_natasha
D:4:      layout_basic, dancing_weapons_uskayaw, uniq_pikel
D:5:      layout_gridville, grunt_temple_overflow_diamond,
          lemuel_coloured_pillars_altar, minmay_temple_entry_crystal_x,
          uniq_ijyb
D:6:      gammafunk_steamed_eel, layout_basic, sigmund_army
D:7:      layout_basic, minmay_misc_feat_alley, minmay_misc_feat_encased,
          kennysheep_nondescript
D:8:      layout_basic, nicolae_overflow_crystal_walls,
          gammafunk_ghost_cemetery, chequers_ossuary_entry_cave,
          minmay_stone_trees_small, minmay_small_thing
Temple:   minmay_temple_curvy_loop

Skill      XL: |  1  2  3  4  5  6  7  8  9 |
---------------+----------------------------+-----
Armour         | 4 5 6 7 8 |  8.5
Fighting       | 4 5 7 8 |  8.3
Shields        | 4 5 6 7 |  7.9
Long Blades    | 3 4 6 8 9 11 | 11.6
Dodging        | |  0.4

Action                   |  1- 3 |  4- 6 |  7- 9 | 10-12 || total
-------------------------+-------+-------+-------+-------++-------
Melee: Long sword        |    50 |    18 |       |       ||    68
       Headbutt          |     6 |    13 |    36 |       ||    55
       Double sword      |       |    90 |   182 |       ||   272
  Use: Scroll            |       |     8 |    10 |     1 ||    19
       Potion            |       |       |     2 |     1 ||     3
 Stab: Distracted        |       |       |     1 |       ||     1
Armor: Scale mail        |    44 |    42 |    77 |     2 ||   165
Dodge: Dodged            |    29 |    47 |    69 |     1 ||   146
Block: Kite shield       |    40 |    62 |   129 |     6 ||   237
       Reflection        |       |       |     2 |       ||     2
       Rpst.: Long sword |     8 |     4 |       |       ||    12
       Double sword      |       |     6 |    12 |       ||    18

Table legend: (Time is in decaauts)
 A = Elapsed time spent in this place.
 B = Non-inter-level travel time spent in this place.
 C = Inter-level travel time spent in this place.
 D = Time resting spent in this place.
 E = Time spent auto-exploring this place.
 F = Levels seen in this place.
 G = Mean time per level.
                   A        B        C        D        E       F      G
               +--------+--------+--------+--------+--------+-----+--------+
         Total |   7981 |   7952 |     29 |   1486 |   4570 |   9 |  886.8 |
       Dungeon |   7813 |   7784 |     29 |   1486 |   4461 |   8 |  976.6 |
        Temple |    167 |    167 |      0 |      0 |    109 |   1 |  167.0 |
               +--------+--------+--------+--------+--------+-----+--------+

Top non-repeatable levels by time:
     D:7: 1291 daAuts
     D:5: 1221 daAuts
     D:2: 973 daAuts
     D:6: 968 daAuts
     D:4: 961 daAuts
     D:1: 931 daAuts
     D:3: 797 daAuts
     D:8: 668 daAuts
  Temple: 167 daAuts
